 Dungeon Crawl Stone Soup version 0.26.1-2-gb8aa6d0cf2 (webtiles) character file.

Game seed: 3054808480738491224

6499 Pith the Bludgeoner (level 10, -10/77 HPs)
             Began as a Minotaur Fighter on Feb 23, 2021.
             Was a Priest of Zin.
             Shot with a bolt by a yaktaur (27 damage)
             ... on level 10 of the Dungeon.
             The game lasted 00:35:45 (12384 turns).

Pith the Bludgeoner (Minotaur Fighter)             Turns: 12384, Time: 00:35:46

Health: -10/77     AC: 10    Str: 24    XL:     10   Next: 69%
Magic:  9/9        EV:  7    Int:  5    God:    Zin [***...]
Gold:   207        SH: 26    Dex: 10    Spells: 9/9 levels left

rFire    . . .     SeeInvis .   a - +0 flail
rCold    . . .     Faith    .   j - +3 tower shield
rNeg     . . .     Spirit   .   b - +0 scale mail
rPois    +         Reflect  +   (helmet restricted)
rElec    .         Harm     .   p - +1 cloak {rPois}
rCorr    +         Rampage  .   s - +0 pair of gloves
Will     .....                  (no boots)
Stlth    ..........             w - amulet of Hul Taigg {Reflect Slay+3 SH+5}
HPRegen  0.22/turn              e - ring of resist corrosion
MPRegen  0.11/turn              (no ring)

@: no status effects
A: retaliatory headbutt, horns 2
a: Renounce Religion, Recite, Vitalisation, Imprison, Donate Gold


You were on level 10 of the Dungeon.
You worshipped Zin.
Zin was most pleased with you.
You visited 2 branches of the dungeon, and saw 11 of its levels.

You collected 558 gold pieces.
You donated 351 gold pieces to Zin.

Inventory:

Hand Weapons
 a - a +0 flail (weapon)
 q - a +3 flail of draining
Armour
 b - a +0 scale mail (worn)
 c - a +0 kite shield
 j - a +3 tower shield (worn)
 o - a +1 pair of gloves
 p - a +1 cloak of poison resistance (worn)
 s - a +0 pair of gloves (worn)
Jewellery
 e - a ring of resist corrosion (left hand)
 u - an uncursed ring of flight
 w - the amulet of Hul Taigg (around neck) {Reflect Slay+3 SH+5}
   (You acquired it on level 8 of the Dungeon)

   [amulet of reflection]

   It shields you and reflects attacks.
   It affects your accuracy and damage with ranged weapons and melee attacks
   (+3).
   It affects your SH (+5).
 z - a +6 ring of strength {unknown}
 B - an uncursed ring of poison resistance {unknown}
 E - an uncursed ring of stealth {unknown}
 F - a cursed ring of attention {unknown}
 G - an uncursed ring of protection from fire {unknown}
Wands
 d - a wand of acid (8)
 x - a wand of flame (27)
 y - a wand of disintegration (9)
 A - a wand of iceblast (9)
Scrolls
 f - 5 scrolls of teleportation
 k - a scroll of fog
 m - 2 scrolls of fear
 r - 3 scrolls of remove curse
 v - a scroll of enchant armour
 D - 3 scrolls of immolation {unknown}
 I - a scroll of acquirement
Potions
 g - 2 potions of flight
 h - a potion of invisibility
 i - 3 potions of magic
 l - 2 potions of heal wounds
 n - a potion of cancellation {unknown}
 t - 4 potions of curing
 C - a potion of haste {unknown}
 H - a potion of brilliance


   Skills:
 - Level 3.6 Fighting
 * Level 15.3 Maces & Flails
 - Level 3.6 Armour
 + Level 11.4 Shields


You had 9 spell levels left.
You didn't know any spells.
Your spell library contained the following spells:

 Spells                   Type           Power        Failure   Level
 Foxfire                  Conj/Fire      0%           100%        1
 Cause Fear               Hex            0%           100%        4
 Dragon Form              Tmut           0%           100%        7
 Dragon's Call            Summ           0%           100%        9


Dungeon Overview and Level Annotations

Branches:
Dungeon (10/15)            Temple (1/1) D:7
   Lair: D:8-11         Orc: D:9-12

Altars:
Ashenzari
Cheibriados
Dithmenos
Elyvilon
Fedhas
Gozag
Hepliaklqana
Kikubaaqudgha
Makhleb
Nemelex Xobeh
Okawaru
Qazlal
Ru
Sif Muna
Trog
Uskayaw
Vehumet
Wu Jian
Xom
Yredelemnul
Zin
The Shining One

Shops:
D:7 (   D:8 }

Annotations:
D:6 3 runed translucent doors, Gypyx's ghost, amateur DEWz


Innate Abilities, Weirdness & Mutations

You reflexively headbutt those who attack you in melee.
You have a pair of horns on your head.


Message History

The yaktaur shouts!
You hear a shout! x2
The yaktaur shoots a bolt.
You reflect the bolt off an invisible shield around you!
The bolt hits the yaktaur!!
A komodo dragon comes into view.
Things that are here:
a +0 giant club; an ogre corpse The komodo dragon hisses angrily.
A scorpion comes into view.
The yaktaur shoots a bolt.
The bolt hits you!!
* * * LOW HITPOINT WARNING * * *
You hear an angry growl. x2; You hear a shout!
You see here a bolt.
Things that are here:
a +0 giant club; an ogre corpse The yaktaur shoots a bolt.
You reflect the bolt off an invisible shield around you!
The bolt hits the yaktaur!!
The yaktaur shoots a bolt.
The bolt hits you!!
You die...

........###.... ..
h.....8.#..>......
.........../......
P.....8.......# .# P
...........# .### ..
#..(.....# ...#
P..#s...c...# ##...#
............###<...#
.#.##...lc.().@..###
#......##†#..#
###.........##
##..........
###########.# #


You could see a komodo dragon and 2 yaktaurs.

Vanquished Creatures
  Pikel (D:6)
  Joseph (D:7)
  Sigmund (D:3)
  Eustachio (D:6)
  Menkaure (D:7)
  2 swamp worms (D:7)
  Duvessa (D:6)
  A water moccasin (D:9)
  A phantom (D:9)
  A sky beast (D:5)
  3 orc warriors
  2 eyes of draining (D:9)
  3 ice beasts
  4 ogres
  5 centaurs
  A lemure (D:6)
  3 big kobolds
  10 bullfrogs
  Dowan (D:6)
  4 scorpions
  4 killer bees (D:10)
  4 wights (D:8)
  A howler monkey (D:7)
  3 bullfrog zombies
  A centaur zombie (D:9)
  4 jellies
  7 orc priests
  7 hounds
  Crazy Yiuf (D:2)
  9 orc wizards
  2 bullfrog skeletons
  A centaur skeleton (D:9)
  Jessica (D:3)
  5 iguanas
  9 worker ants
  A hound zombie (D:6)
  A howler monkey zombie (D:9)
  Robin (D:3)
  8 adders
  3 shadow imps
  4 white imps
  An ufetubus (D:7)
  An adder zombie (D:5)
  A worm (D:2)
  2 dart slugs
  4 leopard geckos
  44 orcs
  3 ball pythons
  9 bats
  7 giant cockroaches
  16 goblins
  16 hobgoblins
  10 jackals
  5 quokkas
  10 frilled lizards
  2 giant cockroach zombies (D:5)
  A jackal skeleton (D:7)
  21 kobolds
  A quokka skeleton (D:6)
  2 rats
280 creatures vanquished.

Vanquished Creatures (others)
  31 fungi (D:10)
  38 plants
69 creatures vanquished.

Grand Total: 349 creatures vanquished

Notes
Turn   | Place    | Note
-------+----------+-------------------------------------------
     0 | D:1      | Pith the Minotaur Fighter began the quest for the Orb.
     0 | D:1      | Reached XP level 1. HP: 19/19 MP: 0/0
    33 | D:1      | Reached skill level 3 in Maces & Flails
    37 | D:1      | Reached XP level 2. HP: 19/26 MP: 1/1
   246 | D:1      | Reached skill level 4 in Maces & Flails
   431 | D:1      | Reached XP level 3. HP: 25/31 MP: 2/2
  1277 | D:2      | Reached skill level 5 in Maces & Flails
  1552 | D:2      | Reached XP level 4. HP: 38/39 MP: 3/3
  1916 | D:2      | Found a runed translucent door.
  1917 | D:2      | Noticed Crazy Yiuf
  2026 | D:2      | Killed Crazy Yiuf
  2312 | D:3      | Noticed Robin
  2336 | D:3      | Killed Robin
  2341 | D:3      | Reached XP level 5. HP: 32/45 MP: 4/4
  2498 | D:3      | Reached skill level 6 in Maces & Flails
  2630 | D:3      | Noticed Jessica
  2633 | D:3      | Killed Jessica
  3195 | D:3      | Reached XP level 6. HP: 51/51 MP: 5/5
  3199 | D:3      | Reached skill level 7 in Maces & Flails
  3199 | D:3      | Reached skill level 5 in Shields
  3277 | D:3      | Found an opulent altar of Gozag.
  3278 | D:3      | Noticed Sigmund
  3317 | D:3      | Killed Sigmund
  3712 | D:4      | Reached skill level 8 in Maces & Flails
  3821 | D:4      | Reached XP level 7. HP: 57/57 MP: 6/6
  4209 | D:5      | Entered Level 5 of the Dungeon
  4339 | D:5      | Found a shimmering blue altar of Sif Muna.
  4481 | D:5      | Reached skill level 9 in Maces & Flails
  4774 | D:5      | Found a sacrificial altar of Ru.
  4774 | D:5      | Found a shimmering altar of Xom.
  4774 | D:5      | Found an iron altar of Okawaru.
  4926 | D:5      | Reached XP level 8. HP: 64/64 MP: 7/7
  7285 | D:6      | Noticed Duvessa
  7292 | D:6      | Killed Duvessa
  7293 | D:6      | Reached skill level 10 in Maces & Flails
  7296 | D:6      | Noticed Dowan
  7301 | D:6      | Killed Dowan
  7510 | D:6      | Noticed Pikel
  7541 | D:6      | Reached skill level 11 in Maces & Flails
  7544 | D:6      | Killed Pikel
  7545 | D:6      | Reached XP level 9. HP: 28/70 MP: 8/8
  7849 | D:6      | Reached skill level 12 in Maces & Flails
  7940 | D:6      | Noticed Eustachio
  7953 | D:6      | Killed Eustachio
  8203 | D:6      | Found a basalt altar of Yredelemnul.
  8316 | D:6      | Found a runed translucent gate.
  8317 | D:6      | Found a runed translucent gate.
  8317 | D:6      | Found a runed translucent gate.
  8319 | D:6      | Noticed Gypyx's ghost (amateur DEWz)
  8667 | D:7      | Reached skill level 13 in Maces & Flails
  8825 | D:7      | Found a staircase to the Ecumenical Temple.
  8837 | Temple   | Entered the Ecumenical Temple
  8882 | Temple   | Became a worshipper of Zin the Law-Giver
  8882 | Temple   | Reached * piety under Zin
  8883 | Temple   | Donated 171 gold pieces to Zin
  8892 | D:7      | Reached ** piety under Zin
  8912 | D:7      | Noticed Menkaure
  8919 | D:7      | Killed Menkaure
  8920 | D:7      | Reached skill level 10 in Shields
  9140 | D:7      | Found Nitzythu's Antique Weapon Emporium.
  9369 | D:7      | Noticed Joseph
  9387 | D:7      | Killed Joseph
  9388 | D:7      | Reached XP level 10. HP: 63/77 MP: 9/9
  9881 | D:8      | Found a hazy altar of Hepliaklqana.
  9915 | D:8      | Reached skill level 14 in Maces & Flails
 10180 | D:8      | Donated 125 gold pieces to Zin
 10349 | D:8      | Reached *** piety under Zin
 10461 | D:8      | Found Gibus's Gadget Shoppe.
 11021 | D:8      | Found a sparkling altar of Nemelex Xobeh.
 11202 | D:8      | Identified a scroll of acquirement
 11202 | D:8      | Acquired the amulet of Hul Taigg {Reflect Slay+3 SH+5}
 11742 | D:9      | Reached skill level 15 in Maces & Flails
 12305 | D:10     | Entered Level 10 of the Dungeon
 12384 | D:10     | Shot with a bolt by a yaktaur

Illustrated notes

Levels and vault maps discovered:
D:1:      lightli_arrival_windingriver, layout_rooms, serial_forest,
          infiniplex_forest_lined_3, infiniplex_forest_lined_1,
          infiniplex_forest_straight_3, infiniplex_forest_lined_room_2,
          infiniplex_forest_zigzag_2, chequers_garden
D:2:      layout_loops_corners, chequers_hall_statues_wall_a,
          uniq_crazy_yiuf_cottage
D:3:      layout_loops_ring, nicolae_gozag_cash_rules_everything_around_me,
          supply_closet_lemuel, uniq_robin, uniq_jessica, uniq_sigmund
D:4:      layout_rooms
D:5:      layout_loops_corners, nicolae_overflow_hidden_temple,
          gammafunk_temple_overflow_forgotten
D:6:      layout_basic, kennysheep_little_box, gammafunk_ghost_necromancy,
          uniq_pikel, uniq_eustachio, uniq_duvessa
D:7:      layout_basic, minmay_temple_entry_drinking_statues, serial_shops,
          shop_fountains, worms_lemuel, uniq_menkaure, uniq_joseph
D:8:      layout_loops_cross, overflow_temple_1_default, basic_altar,
          serial_shops, shop
D:9:      layout_loops_corners
D:10:     cheibrodos_iron_armory, layout_cave_pools,
          due_lair_maze_entry_diamond, zombieorc1_lemuel, special_room
          [special_room_orc], serial_column_ruins, column_ruins_hut,
          column_ruins_corridor_corner, column_ruins_columns_straight,
          column_ruins_open_tiny, doesnt_xom_only_xom
Temple:   nicolae_temple_no_exploring_needed

Skill      XL: |  1  2  3  4  5  6  7  8  9 10 |
---------------+-------------------------------+-----
Maces & Flails | 3 4 5 6 8 9 11 13 15 | 15.3
Shields        | 4 5 6 8 10 11 | 11.4
Fighting       | |  3.6
Armour         | |  3.6

Action                   |  1- 3 |  4- 6 |  7- 9 | 10-12 || total
-------------------------+-------+-------+-------+-------++-------
Melee: Flail             |   106 |   156 |   285 |   315 ||   862
       Headbutt          |    12 |    28 |    57 |    66 ||   163
Invok: Donate Gold       |       |       |     1 |     1 ||     2
       Vitalisation      |       |       |       |     1 ||     1
  Use: Scroll            |     2 |     5 |     2 |     6 ||    15
       Potion            |       |       |       |     6 ||     6
Armor: Scale mail        |    38 |    31 |    43 |    36 ||   148
Dodge: Dodged            |    20 |     7 |    28 |    17 ||    72
Block: Kite shield       |    40 |       |       |       ||    40
       Tower shield      |    27 |   145 |   230 |   244 ||   646
       Reflection        |       |       |       |    12 ||    12
